 Dungeon Crawl Stone Soup version 0.17.1-3-g152610e (webtiles) character file.

219 kaze the Ruffian (level 5, -1/79 HPs)
             Began as a Troll Berserker on Feb 29, 2016.
             Was a Priest of Trog.
             Slain by a centaur skeleton (8 damage)
             ... on level 4 of the Dungeon.
             The game lasted 00:05:57 (2161 turns).

kaze the Ruffian (Troll Berserker)                  Turns: 2161, Time: 00:05:57

Health: -1/79      AC:  6    Str: 31    XL:     5   Next: 63%
Magic:  4/4        EV: 10    Int:  3    God:    Trog [***...]
Gold:   93         SH:  0    Dex:  9    Spells: 0 memorised, 4 levels left

rFire  . . .     SeeInvis .     p - +1 flail (drain)
rCold  . . .     Clarity  .     a - +0 animal skin
rNeg   . . .     SustAt   .     (no shield)
rPois  .         Gourm    +     (helmet restricted)
rElec  .         Spirit   .     l - +0 cloak
rCorr  .         Warding  .     (gloves unavailable)
rMut   .         Stasis   .     (boots unavailable)
MR     .....                    (no amulet)
Stlth  ..........               (no ring)
                                (no ring)

@: berserking, lethally poisoned (-1 -> -1), very quick, not resistant to
hostile enchantments, extremely unstealthy
A: unfitting armour, claws 3, fast metabolism 3, gourmand, regeneration 2,
shaggy fur 1, tough skin 2
a: Berserk, Trog's Hand, Burn Spellbooks, Renounce Religion


You were on level 4 of the Dungeon.
You worshipped Trog.
Trog was most pleased with you.
You were very full.

You visited 1 branch of the dungeon, and saw 4 of its levels.

You collected 93 gold pieces.

Inventory:

Hand Weapons
 p - a +1 flail of draining (weapon)
Missiles
 k - 3 large rocks (quivered)
Armour
 a - a +0 animal skin (worn)
 l - a +0 cloak (worn)
Jewellery
 i - a cursed -2 ring of intelligence {unknown}
 s - an uncursed ring of stealth {unknown}
Scrolls
 g - 2 scrolls of teleportation {unknown}
 q - a scroll of recharging {unknown}
 r - a scroll of identify {unknown}
Potions
 c - a potion of flight {unknown}
 e - a potion of resistance {unknown}
 h - a potion of curing {unknown}
 j - 2 potions of might {unknown}
 m - a potion of lignification {unknown}
 n - a potion of brilliance {unknown}
Comestibles
 b - 3 bread rations
 d - 2 meat rations
 f - a fruit
 o - 9 chunks of flesh


   Skills:
 + Level 3.2 Fighting
 + Level 1.0 Throwing
 + Level 3.9 Dodging
 + Level 0.5 Stealth
 + Level 4.0 Unarmed Combat


You had 4 spell levels left.
You didn't know any spells.

Dungeon Overview and Level Annotations

Branches:
Dungeon (4/15)
 Temple: D:4-7

Altars:

Annotations:
D:4 Natasha


Innate Abilities, Weirdness & Mutations

You are too large for most types of armour.
You have claws for hands.
Your metabolism is lightning-fast.
You like to eat raw meat.
You heal very quickly.
You are covered in fur (AC +1).
You have very tough skin (AC +2).


Message History

The magic dart hits you! The shadow imp hits you.
You thump the shadow imp!
You kill the shadow imp!
You feel sick. Natasha casts a spell at you. The magic dart hits you!
You hit the white imp.
The white imp is heavily wounded.
The white imp hits you. The white imp freezes you.
* * * LOW HITPOINT WARNING * * *
The centaur skeleton barely misses you.
Natasha zaps a wand.
You resist with some effort.
You closely miss Natasha. The centaur skeleton hits you.
* * * LOW HITPOINT WARNING * * *
The white imp gestures at you. The puff of frost hits you!
* * * LOW HITPOINT WARNING * * *
You closely miss Natasha. Your claw misses Natasha.
The centaur skeleton hits you!
You die...

## .# .# #( .##
.##..## ##...#...
#####.5).....
##...h@Z......
#............. .##
#...........!.
....
#.........(.>.
#..##.....#...#...
#....#....##### ##
..##..#...####
##........#
...#####..#.###..#


You could see Natasha, a white imp and a centaur skeleton.

Vanquished Creatures
  2 orc wizards (D:3)
  Natasha (D:4)
  5 adders
  2 worms
  A giant gecko (D:1)
  9 orcs (D:3)
  9 goblins
  8 hobgoblins
  7 bats
  6 giant cockroaches
  5 giant newts
  4 jackals (D:3)
  12 kobolds
  8 rats
79 creatures vanquished.

Notes
Turn   | Place    | Note
--------------------------------------------------------------
     0 | D:1      | kaze the Troll Berserker began the quest for the Orb.
     0 | D:1      | Reached XP level 1. HP: 22/22 MP: 0/0
   151 | D:1      | Reached XP level 2. HP: 25/29 MP: 1/1
   363 | D:1      | Reached ** piety under Trog
   686 | D:2      | Reached XP level 3. HP: 14/36 MP: 2/2
  1361 | D:2      | Reached XP level 4. HP: 45/45 MP: 3/3
  1553 | D:3      | Reached *** piety under Trog
  1959 | D:3      | Reached XP level 5. HP: 51/53 MP: 4/4
  1964 | D:3      | Reached skill level 4 in Unarmed Combat
  2138 | D:4      | Noticed Natasha
  2144 | D:4      | Killed Natasha
  2144 | D:4      | Reached skill level 1 in Throwing
  2149 | D:4      | Noticed Natasha
  2161 | D:4      | Slain by a centaur skeleton

Action                   |  1- 3 |  4- 6 || total
-------------------------+-------+-------++-------
Melee: Unarmed           |   109 |    27 ||   136
       Flail             |       |    57 ||    57
Throw: Large rock        |    12 |     3 ||    15
Invok: Berserk           |       |     1 ||     1
 Stab: Sleeping          |     1 |     1 ||     2
  Eat: Chunk             |    13 |    12 ||    25
